 Dungeon Crawl Stone Soup version 0.27-a0-668-gb5737ff2c0 (webtiles) character file.

Game seed: 92941004425704569

14866 jasper the Archer (level 12, -3/91 HPs)
             Began as a Human Wanderer on Mar 17, 2021.
             Was a High Priest of Okawaru.
             Killed from afar by a molten gargoyle (10 damage)
             ... with a bolt of magma
             ... in a Gauntlet.
             The game lasted 00:21:06 (15366 turns).

jasper the Archer (Human Wanderer)                 Turns: 15366, Time: 00:21:07

Health: -3/91      AC: 15    Str: 15    XL:     12   Next: 50%
Magic:  18/18      EV: 13    Int: 15    God:    Okawaru [*****.]
Gold:   792        SH:  5    Dex: 13    Spells: 11/11 levels left

rFire    . . .     SeeInvis .   o - +4 shortbow of Equilibrium {vorpal, +Blink}
rCold    . . .     Faith    .   (shield currently unavailable)
rNeg     + . .     Spirit   .   d - +4 ring mail
rPois    .         Reflect  +   p - +0 helmet
rElec    .         Harm     .   L - +0 cloak
rCorr    .         Rampage  .   I - +0 pair of gloves
Will     .....     NoTele   +   D - +0 pair of boots
Stlth    +.........             k - amulet of reflection
HPRegen  0.25/turn              K - ring of positive energy
MPRegen  0.16/turn              (no ring)

@: no status effects
A: no striking features
a: Renounce Religion, Evoke Blink, Heroism, Finesse


You were in a Gauntlet.
You worshipped Okawaru.
Okawaru was extremely pleased with you.
You visited 4 branches of the dungeon, and saw 15 of its levels.
You also visited: Gauntlet.

You collected 819 gold pieces.
You spent 27 gold pieces at shops.

Inventory:

Hand Weapons
 a - a +3 shortbow
 l - a +2 short sword of draining
 o - the +4 shortbow of Equilibrium (weapon) {vorpal, +Blink}
   (You acquired it on level 2 of the Dungeon)

   Any arrow fired from it inflicts extra damage.
   It lets you blink.
 x - a +0 long sword
Missiles
 b - 214 arrows (quivered ammo)
 m - 347 stones
 s - 5 boomerangs
 y - 6 javelins
 N - a throwing net
Armour
 d - a +4 ring mail (worn)
 e - a +0 robe
 f - a +0 scale mail
 p - a +0 helmet (worn)
 A - a scarf of invisibility
 B - a scarf of shadows
 D - a +0 pair of boots (worn)
 I - a +0 pair of gloves (worn)
 L - a +0 cloak (worn)
 O - the +2 pair of gloves of the Land of Plenty {*Corrode Str+4 Int+5 Dex+3}
   (You found it in a Gauntlet)

   It affects your strength (+4).
   It affects your intelligence (+5).
   It affects your dexterity (+3).
   It may corrode you when you take damage.
Jewellery
 k - an amulet of reflection (around neck)
 v - an amulet of magic regeneration
 K - a ring of positive energy (right hand)
Wands
 j - a wand of mindburst (9)
 w - a wand of charming (9)
 z - a wand of random effects (18)
 E - a wand of paralysis (7)
 J - a wand of flame (37)
Scrolls
 c - 2 scrolls of teleportation
 h - 3 scrolls of enchant armour
 i - a scroll of enchant weapon
 t - 3 scrolls of amnesia
 F - 2 scrolls of identify
 H - a scroll of immolation
Potions
 g - a potion of degeneration
 n - 9 potions of might
 q - 2 potions of cancellation
 r - 3 potions of mutation
 u - 5 potions of curing
 C - 2 potions of flight
 G - 2 potions of berserk rage
 M - 2 potions of ambrosia


   Skills:
 + Level 7.1 Fighting
 - Level 14.0 Bows
 + Level 6.7 Armour
 + Level 6.2 Dodging
 - Level 1.0 Stealth
 - Level 1.0 Shields
 - Level 1.0 Unarmed Combat
 - Level 8.0 Invocations


You had 11 spell levels left.
You didn't know any spells.
Your spell library contained the following spells:

 Spells                   Type           Power      Damage    Failure   Level
 Corona                   Hex            0%         N/A       43%         1
 Ensorcelled Hibernation  Hex/Ice        0%         N/A       58%         2
 Confusing Touch          Hex            0%         N/A       82%         3
 Dazzling Flash           Conj/Hex       0%         N/A       82%         3
 Tukima's Dance           Hex            0%         N/A       82%         3


Dungeon Overview and Level Annotations

Branches:
Dungeon (12/15)            Temple (1/1) D:6            Lair (1/6) D:8
    Orc (1/2) D:10        Gauntlet (1/1)

Altars:
Ashenzari
Cheibriados
Dithmenos
Elyvilon
Fedhas
Gozag
Hepliaklqana
Kikubaaqudgha
Makhleb
Nemelex Xobeh
Okawaru
Qazlal
Ru
Sif Muna
Trog
Uskayaw
Vehumet
Wu Jian
Xom
Yredelemnul
Zin
The Shining One

Shops:
D:2 *   D:7 (

Annotations:
D:3 2 transporters
D:5 3 runed translucent doors, indyram44's ghost, amateur DsGl
D:12 Sonja Gauntlet 11 transporters


Message History

The molten gargoyle hits the plant with a +0 mace.
The plant is engulfed in flames!
The catoblepas gores the plant!
You are engulfed in calcifying dust.
A nearby plant withers and dies.
The molten gargoyle blasts magma at you!
The bolt of magma hits you!
You are engulfed in calcifying dust.
The gargoyle hits you with a +0 mace!
The catoblepas breathes a plume of calcifying dust at you.
The blast of calcifying dust hits the gargoyle.
The blast of calcifying dust hits you.
The gargoyle hits you with a +0 mace. x2
The molten gargoyle hits you with a +0 mace!
You are engulfed in flames!
The molten gargoyle blasts magma at you!
The bolt of magma hits the molten gargoyle!
The molten gargoyle partially resists.
The bolt of magma hits you!!
The gargoyle hits you but does no damage.
The gargoyle hits you but does no damage.
The molten gargoyle blasts magma at you!
The bolt of magma hits you!!
You turn to flesh and can move again.
You take 56 damage, and have 32/91 hp.
MASSIVE DAMAGE!!
Unknown command.
Unknown command.
Unknown command.
Okay, then.
Okay, then.
Okay, then.
Okay, then.
Okay, then.
Okay, then.
You feel better.
The molten gargoyle blasts magma at you!
The bolt of magma hits the molten gargoyle.
The molten gargoyle partially resists.
The bolt of magma hits you!!
* * * LOW HITPOINT WARNING * * *
The gargoyle hits you with a +0 mace.
* * * LOW HITPOINT WARNING * * *
The molten gargoyle blasts magma at you!
The bolt of magma hits you!
You die...

.#.........#...#:#..#....#..#
.#...###...#...#..#..#...#..###
.#=...#....######..#..#..#..#8#
.#.#..#©.#.#...#.#..#..#.#..###
.#©.######.#©.©#©.#..#©.##©.#
.#:#..#..#.#...#.#..#..#.#..###
.#!...#....######Y9#..#..#..#8#
.#...###...#...#99#..#...#..###
.#........4#.8.#@#..#....#..#
.###########...###########..###
............................#8#
...........................≈###
#############################
#8# #8# #8# #8# #8# #8# #8# ###
### ### ### ### ### ###


You could see a catoblepas, an orange demon, 2 molten gargoyles and a gargoyle.

Vanquished Creatures
  Harold (D:11)
  Pikel (D:7)
  A wolf spider zombie (D:10)
  2 ugly things
  4 centaur zombies (D:10)
  A cane toad (Lair:1)
  2 komodo dragons
  2 hellwings (D:10)
  2 trolls (D:11)
  A polar bear (Lair:1)
  A hornet (D:11)
  A wraith (D:11)
  13 yaks
  A wyvern (D:11)
  Menkaure (D:5)
  A water moccasin (Lair:1)
  An acid dragon (D:10)
  7 orc warriors
  An ice beast (D:9)
  3 sky beasts
  A hornet zombie (D:10)
  2 necrophages
  5 ogres
  6 centaurs
  A lemure (D:7)
  3 phantoms
  Blork the orc (D:4)
  9 bullfrogs
  A gnoll sergeant (D:11)
  5 scorpions
  5 killer bees (D:11)
  12 wights
  A howler monkey (D:9)
  An electric eel (Lair:1)
  4 hounds
  A quasit (D:6)
  2 bullfrog zombies
  4 orc priests
  2 bullfrog skeletons
  Crazy Yiuf (D:7)
  6 centaur skeletons
  An iguana (D:4)
  11 orc wizards
  6 worker ants
  A killer bee zombie (D:9)
  2 hound skeletons
  9 gnolls
  14 adders
  6 shadow imps
  2 ufetubi (D:5)
  3 oozes
  3 adder skeletons
  4 worms
  3 dart slugs
  8 leopard geckos
  58 orcs
  3 ball pythons
  8 giant cockroaches
  10 goblins
  5 hobgoblins
  18 jackals
  5 quokkas
  4 bats
  4 frilled lizards
  A jackal skeleton (D:9)
  8 kobolds
  7 rats
324 creatures vanquished.

Vanquished Creatures (others)
  2 fungi (Gauntlet)
  16 plants
  3 withered plants (D:10)
21 creatures vanquished.

Grand Total: 345 creatures vanquished

Notes
Turn   | Place    | Note
-------+----------+-------------------------------------------
     0 | D:1      | jasper the Human Wanderer began the quest for the Orb.
     0 | D:1      | jasper set off with the following items: a +2 shortbow, 27
                  | arrows, a scroll of teleportation, a potion of
                  | lignification, a +0 robe
     0 | D:1      | Reached XP level 1. HP: 18/18 MP: 1/1
    70 | D:1      | Reached XP level 2. HP: 24/24 MP: 2/2
   173 | D:1      | Reached skill level 3 in Bows
   192 | D:1      | Reached XP level 3. HP: 29/29 MP: 3/3
  1257 | D:2      | Found Fogoukhussu's Assorted Antiques.
  1293 | D:2      | Reached skill level 4 in Bows
  1293 | D:2      | Reached XP level 4. HP: 28/35 MP: 4/4
  1729 | D:2      | Reached XP level 5. HP: 39/41 MP: 5/5
  1782 | D:2      | Reached skill level 5 in Bows
  2484 | D:2      | Bought a scroll labelled ZIULOU ZILOFF for 27 gold pieces
  2487 | D:2      | Identified a scroll of acquirement
  2487 | D:2      | Acquired the +4 shortbow of Equilibrium {vorpal, +Blink}
  2694 | D:3      | Found a transporter.
  2710 | D:3      | Found a transporter.
  2894 | D:3      | Reached XP level 6. HP: 47/47 MP: 6/6
  3483 | D:4      | Reached skill level 6 in Bows
  3531 | D:4      | Found a broken altar of Ashenzari.
  3711 | D:4      | Noticed Blork the orc
  3715 | D:4      | Killed Blork the orc
  3716 | D:4      | Reached skill level 7 in Bows
  3716 | D:4      | Reached XP level 7. HP: 52/52 MP: 7/7
  3764 | D:4      | Found a white marble altar of Elyvilon.
  3764 | D:4      | Found a burning altar of Makhleb.
  3771 | D:4      | Found a faded altar of an unknown god.
  3773 | D:4      | Found a glowing golden altar of the Shining One.
  3774 | D:4      | Found a basalt altar of Yredelemnul.
  3979 | D:5      | Entered Level 5 of the Dungeon
  4079 | D:5      | Found a runed translucent gate.
  4080 | D:5      | Found a runed translucent gate.
  4080 | D:5      | Found a runed translucent gate.
  4082 | D:5      | Noticed indyram44's ghost (amateur DsGl)
  4207 | D:5      | Found an ancient bone altar of Kikubaaqudgha.
  4238 | D:5      | Noticed Menkaure
  4241 | D:5      | Killed Menkaure
  4242 | D:5      | Reached skill level 8 in Bows
  4353 | D:5      | Found a stormy altar of Qazlal.
  4588 | D:5      | Reached XP level 8. HP: 46/58 MP: 8/8
  5170 | D:6      | Found a staircase to the Ecumenical Temple.
  5181 | Temple   | Entered the Ecumenical Temple
  5210 | Temple   | Became a worshipper of Warmaster Okawaru
  5283 | D:6      | You fall into a shaft and drop 3 floors!
  5317 | D:8      | Found a staircase to the Lair.
  5352 | D:8      | Found a snail-covered altar of Cheibriados.
  5418 | D:8      | Reached skill level 9 in Bows
  5516 | D:8      | Reached * piety under Okawaru
  5517 | D:8      | Reached skill level 10 in Bows
  5759 | D:8      | Reached XP level 9. HP: 56/63 MP: 9/9
  6000 | D:7      | Reached skill level 11 in Bows
  6173 | D:6      | Reached ** piety under Okawaru
  6354 | D:6      | Found a bloodstained altar of Trog.
  6394 | D:6      | Found an opulent altar of Gozag.
  6681 | D:6      | Reached skill level 12 in Bows
  6973 | D:6      | Reached *** piety under Okawaru
  7691 | D:6      | Reached XP level 10. HP: 42/70 MP: 10/10
  7946 | D:7      | Reached skill level 13 in Bows
  8015 | D:7      | Found a shimmering altar of Xom.
  8110 | D:7      | Found a runed translucent door.
  8111 | D:7      | Noticed Crazy Yiuf
  8223 | D:7      | Noticed Pikel
  8235 | D:7      | Killed Pikel
  8319 | D:7      | Found Giokkiff's Weapon Shop.
  8599 | D:7      | Killed Crazy Yiuf
  9119 | D:8      | Found an ornate altar of the Wu Jian Council.
  9553 | D:9      | Received a gift from Okawaru
  9554 | D:9      | Reached skill level 14 in Bows
  9717 | D:9      | Reached skill level 1 in Invocations
  9983 | D:9      | Found a blossoming altar of Fedhas.
 10148 | D:9      | Found a blossoming altar of Fedhas.
 10372 | D:9      | Reached skill level 1 in Dodging
 10464 | D:10     | Entered Level 10 of the Dungeon
 10464 | D:10     | Found a snail-covered altar of Cheibriados.
 10507 | D:10     | Noticed a komodo dragon
 10513 | D:10     | Killed a komodo dragon
 10566 | D:10     | Found a staircase to the Orcish Mines.
 10605 | D:10     | Received a gift from Okawaru
 10633 | D:10     | Reached XP level 11. HP: 51/76 MP: 13/13
 10763 | D:10     | Reached **** piety under Okawaru
 10856 | D:10     | Reached skill level 5 in Invocations
 11103 | D:10     | Received a gift from Okawaru
 11625 | D:10     | Reached ***** piety under Okawaru
 11626 | D:10     | Reached skill level 5 in Fighting
 11931 | Orc:1    | Entered Level 1 of the Orcish Mines
 11931 | Orc:1    | Noticed a two-headed ogre
 11931 | Orc:1    | Noticed a two-headed ogre
 11932 | Orc:1    | Noticed a two-headed ogre
 11932 | Orc:1    | Noticed an ogre mage
 11958 | D:11     | Received a gift from Okawaru
 12024 | D:11     | Paralysed by a hornet for 2 turns
 12499 | D:11     | Noticed a brown ugly thing
 12508 | D:11     | Noticed a red ugly thing
 12515 | D:11     | Killed a brown ugly thing
 12516 | D:11     | Reached skill level 5 in Armour
 12530 | D:11     | Received a gift from Okawaru
 12572 | D:10     | HP: 2/80 [red ugly thing (21)]
 13029 | D:10     | Killed a red ugly thing
 13486 | D:11     | Reached XP level 12. HP: 14/87 MP: 17/17
 14116 | D:11     | Reached skill level 5 in Dodging
 14317 | D:11     | Noticed Harold
 14339 | D:11     | Killed Harold
 14550 | D:12     | Noticed Sonja
 14649 | Lair:1   | Entered Level 1 of the Lair of Beasts
 14703 | Lair:1   | Received a gift from Okawaru
 14782 | Lair:1   | Found a gate leading to a gauntlet.
 14853 | Gauntlet | Entered a Gauntlet
 14853 | Gauntlet | Found a transporter.
 14853 | Gauntlet | Found a transporter.
 14858 | Gauntlet | Noticed a catoblepas
 15120 | Gauntlet | Found a transporter.
 15121 | Gauntlet | Found a transporter.
 15131 | Gauntlet | Found a transporter.
 15131 | Gauntlet | Noticed a green death
 15197 | Gauntlet | Found a transporter.
 15199 | Gauntlet | Noticed a sixfirhy
 15209 | Gauntlet | Found a transporter.
 15223 | Gauntlet | Found a transporter.
 15233 | Gauntlet | Found a transporter.
 15248 | Gauntlet | Found a transporter.
 15254 | Gauntlet | Found a transporter.
 15275 | Gauntlet | Found a transporter.
 15356 | Gauntlet | Identified the +2 pair of gloves of the Land of Plenty
                  | {*Corrode Str+4 Int+5 Dex+3}
 15366 | Gauntlet | Killed from afar by a molten gargoyle

Illustrated notes

Levels and vault maps discovered:
D:1:      lemuel_arrival_tunnels, layout_loops_corners
D:2:      layout_loops_ring, serial_shops, shop, kennysheep_generic_room_4
D:3:      gammafunk_wand_slinger, layout_basic, minmay_strange_pillars,
          grunt_ministairs_15, serial_bayou_crossing
D:4:      layout_basic, chequers_temple_overflow_minitemple, old_standard_altar,
          uniq_blork_the_orc
D:5:      layout_loops_corners, grunt_qazlal_clouds, basic_altar,
          gammafunk_ghost_necromancy, uniq_menkaure
D:6:      layout_loops_corners, grunt_gozag_breadcrumbs,
          minmay_temple_entry_wispy, basic_altar, minmay_diced_spiral
D:7:      layout_basic, serial_shops, nicolae_shop_behind_doors,
          amcnicky_altar_gilded, uniq_crazy_yiuf_cottage, uniq_pikel
D:8:      layout_loops_ring, nicolae_overflow_crystal_walls,
          kennysheep_little_box, lair_entry_dummy
D:9:      layout_roguey, kennysheep_mini, fedhas_altar_fruit_tree
D:10:     cheibrodos_grave_circle, layout_basic, david_orc_2, basic_altar
D:11:     layout_basic, uniq_harold
D:12:     layout_small_grid, special_room [special_room_bee], uniq_sonja,
          uniq_kirke, uniq_gastronok
Temple:   nicolae_temple_x_marks_the_god
Lair:1:   layout_gridlike, gauntlet_entry_generic, minmay_lair_oklob_items,
          serial_bayou_shore_a, grunt_megastairs_5
Orc:1:    layout_diamond_mine, uniq_fannar
Gauntlet: gammafunk_gauntlet_shortcut [gammafunk_gauntlet_arena_arrow_garden,
          nicolae_gauntlet_arena_t_cross,
          gammafunk_gauntlet_arena_split_diamond, nicolae_gauntlet_arena_blocks,
          gammafunk_gauntlet_arena_spirals, nicolae_gauntlet_arena_x,
          nicolae_gauntlet_exit_dead_adventurers]

Skill      XL: |  1  2  3  4  5  6  7  8  9 10 11 12 |
---------------+-------------------------------------+-----
Bows           | 3 4 5 7 8 10 12 14 | 14.0
Invocations    | 3 7 8 |  8.0
Dodging        | 2 4 6 |  6.2
Armour         | 3 5 6 |  6.7
Fighting       | 5 7 |  7.1
Stealth        | |  1.0
Shields        | |  1.0
Unarmed Combat | |  1.0

Action                   |  1- 3 |  4- 6 |  7- 9 | 10-12 || total
-------------------------+-------+-------+-------+-------++-------
Melee: Short sword       |    28 |    59 |     8 |       ||    95
       Shortbow          |       |       |       |     1 ||     1
 Fire: Shortbow          |    56 |   111 |   289 |   792 ||  1248
Throw: Stone             |       |    13 |       |       ||    13
Invok: Heroism           |       |       |       |    11 ||    11
       Finesse           |       |       |       |     3 ||     3
Evoke: Wand              |       |       |       |     4 ||     4
  Use: Potion            |       |     1 |     2 |     3 ||     6
       Scroll            |       |    10 |     5 |     9 ||    24
Armor: Scale mail        |    15 |       |       |       ||    15
       Ring mail         |       |    19 |    34 |    80 ||   133
       Skin              |       |     3 |     2 |       ||     5
Dodge: Dodged            |    12 |    38 |    34 |   117 ||   201
Block: Other             |     9 |    12 |    15 |    45 ||    81
       Reflection        |       |       |     3 |     1 ||     4

Table legend: (Time is in decaauts)
 A = Elapsed time spent in this place.
 B = Non-inter-level travel time spent in this place.
 C = Inter-level travel time spent in this place.
 D = Time resting spent in this place.
 E = Time spent auto-exploring this place.
 F = Levels seen in this place.
 G = Mean time per level.
                   A        B        C        D        E       F      G
               +--------+--------+--------+--------+--------+-----+--------+
         Total |  15008 |  14272 |    736 |   1981 |   9955 |  16 |  938.0 |
       Dungeon |  14277 |  13551 |    726 |   1981 |   9481 |  12 | 1189.8 |
        Temple |     42 |     33 |      9 |      0 |     17 |   1 |   42.0 |
          Lair |    172 |    172 |      0 |      0 |     21 |   1 |  172.0 |
  Orcish Mines |      1 |      1 |      0 |      0 |      0 |   1 |    1.0 |
      Gauntlet |    513 |    513 |      0 |      0 |    436 |   1 |  513.0 |
               +--------+--------+--------+--------+--------+-----+--------+

Top non-repeatable levels by time:
    D:11: 1781 daAuts
     D:6: 1630 daAuts
    D:10: 1554 daAuts
     D:2: 1538 daAuts
     D:9: 1512 daAuts
     D:7: 1383 daAuts
     D:5: 1245 daAuts
     D:8: 1171 daAuts
     D:1: 1131 daAuts
     D:3: 811 daAuts
Gauntlet: 513 daAuts
     D:4: 512 daAuts
  Lair:1: 172 daAuts
  Temple: 42 daAuts
    D:12: 3 daAuts
